 Dungeon Crawl Stone Soup version 0.16.1 (webtiles) character file.

39 Crackedtooth the Magician (level 3, -2/21 HPs)
             Began as an Octopode Wizard on Mar 23, 2015.
             Slain by an ooze (4 damage)
             ... on level 2 of the Dungeon.
             The game lasted 00:25:10 (2117 turns).

Crackedtooth the Magician (Octopode Wizard)         Turns: 2117, Time: 00:25:10

Health: -2/21      AC:  1    Str:  6    XL:     3   Next: 47%
Magic:  2/8        EV: 12    Int: 21    God:
Gold:   80         SH:  0    Dex: 10    Spells: 3 memorised, 4 levels left

rFire  . . .     SeeInvis .     o - +0 club
rCold  . . .     Clarity  .     (no shield)
rNeg   . . .     SustAb   .     b - +0 hat
rPois  .         Gourm    .     (no amulet)
rElec  .         Spirit   .     (no ring)
rCorr  .         Warding  .     (no ring)
rMut   .         Stasis   .     (no ring)
MR     .....                    (no ring)
Stlth  +++.......               (no ring)
                                (no ring)
                                (no ring)
                                (no ring)

@: very slightly contaminated, not resistant to hostile enchantments, fairly
stealthy
A: almost no armour, amphibious, 8 rings, constrict 8, camouflage 1, gelatinous
body 1
a: no special abilities


You were on level 2 of the Dungeon.
You were not hungry.

You visited 1 branch of the dungeon, and saw 2 of its levels.

You collected 80 gold pieces.

Inventory:

Hand weapons
 d - a +0 dagger
 h - a +0 short sword
 o - a +0 club (weapon)
 p - a +0 hunting sling
Missiles
 a - 7 poisoned needles
 e - 51 sling bullets
 i - 32 stones (quivered)
Armour
 b - a +0 hat (worn)
Scrolls
 f - a scroll of fear {unknown}
 g - 2 scrolls of identify {unknown}
 l - a scroll of remove curse {unknown}
 n - a scroll of amnesia {unknown}
Potions
 j - a potion of restore abilities {unknown}
Books
 c - a book of Minor Magic

   Spells                             Type                      Level
   a - Magic Dart                     Conjuration                  1
   b - Blink                          Translocation                2
   c - Call Imp                       Summoning                    2
   d - Repel Missiles                 Charms/Air                   2
   e - Slow                           Hexes                        2
   f - Conjure Flame                  Conjuration/Fire             3
   g - Mephitic Cloud                 Conjuration/Poison/Air       3
Comestibles
 m - 2 slices of pizza


   Skills:
 + Level 0.2 Fighting
 + Level 0.4 Short Blades
 + Level 0.8 Throwing
 + Level 2.0 Dodging
 + Level 2.8 Stealth
 * Level 3.8 Spellcasting
 + Level 1.0 Conjurations
 + Level 0.2 Hexes
 + Level 1.0 Summonings
   Level 1.0 Translocations


You had 4 spell levels left.
You knew the following spells:

 Your Spells              Type           Power        Failure   Level  Hunger
a - Magic Dart            Conj           #...         12%         1    None
b - Call Imp              Summ           #.......     14%         2    #......
c - Slow                  Hex            #.......     17%         2    #......


Dungeon Overview and Level Annotations

Branches:
Dungeon (2/15)

Altars:
Nemelex Xobeh

Annotations:
D:2 ?


Innate Abilities, Weirdness & Mutations

You cannot wear most types of armour.
You are amphibious.
You can wear up to eight rings at the same time.
You can use your tentacles to constrict many enemies at once.
Your skin changes colour to match your surroundings (Stealth).
Your rubbery body absorbs attacks (AC +1).


Message History

The ooze hits you.
You hit the ooze but do no damage.
The ooze is heavily wounded.
The ooze hits you.
You hit the ooze.
The ooze is severely wounded.
The ooze barely misses you.
You hit the ooze but do no damage.
The ooze is severely wounded.
The ooze hits you.
* * * LOW HITPOINT WARNING * * *
You hit the ooze but do no damage.
The ooze is severely wounded.
The ooze hits you.
* * * LOW HITPOINT WARNING * * *
You see here a goblin corpse.
The ooze hits you but does no damage.
The ooze jiggles.
The ooze hits you.
You die...

#.##.......#.# #.# #..#
#............# #.# #..#
#÷##.......### #.# ..#
#...........# #.# #..#
..##..#......# #.##..!#
####....#...####.#....#
#.#.........#...#
#.#..######.#..##
.....# #....@####
#.#.## #.#.J#'#.##
#.#.# #.###._.# #.#.
#..#'#.## ##.†####
#†).# #.#..# #.##...#
#.# ##.#


You could see an ooze.

Vanquished Creatures
  2 adders (D:2)
  A giant mite (D:2)
  2 giant geckos (D:2)
  A giant cockroach (D:1)
  A hobgoblin (D:1)
  2 ball pythons (D:2)
  2 bats (D:2)
  A giant newt (D:2)
  3 goblins (D:2)
  2 kobolds
  A rat (D:1)
18 creatures vanquished.

Notes
Turn   | Place    | Note
--------------------------------------------------------------
     0 | D:1      | Crackedtooth, the Octopode Wizard, began the quest for the Orb.
     0 | D:1      | Reached XP level 1. HP: 11/11 MP: 4/4
   659 | D:1      | You fall through a shaft!
   942 | D:2      | Reached XP level 2. HP: 10/17 MP: 6/6
   946 | D:2      | Learned a level 2 spell: Call Imp
  1867 | D:2      | Upgraded the game from 0.16.0-18-g484a79e to 0.16.1
  1893 | D:2      | Reached XP level 3. HP: 12/21 MP: 4/8
  2021 | D:2      | Learned a level 2 spell: Slow
  2068 | D:2      | Found a sparkling altar of Nemelex Xobeh.
  2108 | D:2      | HP: 1/21 [ooze (4)]
  2117 | D:2      | Slain by an ooze

Action                   || total
-------------------------++-------
Melee: Unarmed           ||    18
       Short sword       ||    23
       Club              ||    11
Throw: Stone             ||    21
 Cast: Magic Dart        ||    14
       Call Imp          ||     1
       Slow              ||     1
  Eat: Bread ration      ||     1
